AoeStats
← King L

Arena

507179981Analyzed
1v1 RM · 16d ago on Sep 17, 2026· 37m 24s· 2 players
Game mode
Random Map
Map size
Tiny (2 player)
Population
200
Speed
Normal
Resources
Standard
Victory
Conquest
Starting age
Dark Age
Ending age
Imperial Age
RankedLock teamsTeams togetherTeam positionsShared explorationLock speedFull tech treeHidden civsTurbo modeCheats
Victory
Defeat
🇦🇷 Franks · Argentina
1046
+17
🇨🇱 Romans · Chile
1061
-17
Jachi
11:02 Feudal Age
11:34 Double-Bit Axe
14:40 Wheelbarrow
16:54 Castle Age
15:34 Gold Mining
16:11 Stone Mining
16:26 Loom
20:50 Bow Saw
25:30 Town Watch
27:50 Gold Shaft Mining
27:21 Fletching
30:01 Scale Mail Armor
30:29 Bodkin Arrow
31:02 Masonry
33:51 Imperial Age
32:45 Hand Cart
33:38 Husbandry
33:46 Scale Barding Armor
33:54 Forging
35:37 Chemistry
34:46 Cavalier
37:23 Iron Casting
37:10 Chain Barding Armor
37:02 Arson
King L
7:47 Loom
10:06 Feudal Age
15:23 Castle Age
15:04 Gold Mining
15:46 Double-Bit Axe
26:01 Horse Collar
27:50 Forging
27:40 Town Watch
28:31 Wheelbarrow
28:15 Stone Mining
29:07 Fletching
31:10 Bodkin Arrow
31:34 Heavy Plow
32:15 Pikeman
37:10 Imperial Age
35:02 Scale Barding Armor
37:18 Chain Barding Armor
Connection lost

Rejoining the realm…

Still unreachable

The connection could not be restored.

Session expired

The server has moved on; the page needs a fresh start.